 Dungeon Crawl Stone Soup version 0.30.1-11-g7821555f0a (webtiles) character file.

Game seed: 16799177372738143397

172 comborobin the Sneak (level 5, -8/41 HPs)
             Began as a Formicid Delver on Dec 18, 2023.
             Mangled by an ogre
             ... wielding a +0 giant spiked club
              (12 damage)
             ... on level 4 of the Dungeon.
             The game lasted 00:02:34 (1624 turns).

comborobin the Sneak (Formicid Delver)              Turns: 1624, Time: 00:02:35

Health: -8/41      AC:  4    Str: 19    XL:     5   Next: 82%
Magic:  5/5        EV: 12    Int:  9    God:
Gold:   25         SH:  0    Dex: 21    Spells: 4/4 levels left

rFire   . . .        a - +0 mace
rCold   . . .        (no shield)
rNeg    . . .        e - +0 troll leather armour {Pargi}
rPois   .            (helmet unavailable)
rElec   .            (no cloak)
rCorr   .            (no gloves)
SInv    +            (no boots)
Will    .....        (no amulet)
Stlth   +++          g - +6 ring of dexterity
HPRegen 1.06/turn    (no ring)
MPRegen 0.09/turn

%: no passive effects
@: mighty
A: permanent stasis, dig shafts and tunnels, antennae 3, four strong arms
a: Dig, Shaft Self


You were on level 4 of the Dungeon.
You visited 1 branch of the dungeon, and saw 3 of its levels.
You also visited: Sewer.

You collected 25 gold pieces.

Inventory:

Hand Weapons
 a - a +0 mace (weapon)
Armour
 b - a +0 leather armour
 e - a +0 troll leather armour (worn) {Pargi}
Jewellery
 g - a +6 ring of dexterity (left hand)
 l - the ring of Hugug {Drain +Blink rPois rN+ Str+4}
   (You found it in a sewer)

   [ring of positive energy]

   Str:       It affects your strength (+4).
   rPois:     It protects you from poison.
   rN:        It protects you from negative energy.
   +Blink:    It lets you blink.
   Drain:     It drains your maximum health when unequipped.
Wands
 f - a wand of digging (3)
Scrolls
 c - a scroll of fog
 d - a scroll of enchant armour {unknown}
 h - 3 scrolls of identify {unknown}
 i - a scroll of amnesia {unknown}
 k - a scroll of enchant weapon {unknown}
 o - a scroll of blinking {unknown}
Potions
 m - a potion of magic {unknown}
 n - a potion of berserk rage {unknown}
 p - a potion of curing {unknown}


   Skills:
 - Level 3.2 Fighting
 + Level 5.5 Maces & Flails
 - Level 1.7 Dodging
 - Level 6.0 Stealth


You had 4 spell levels left.
You didn't know any spells.
Your spell library contained the following spells:

 Spells                   Type           Power      Damage    Failure   Level
 Summon Small Mammal      Summ           0%         N/A       43%         1
 Sublimation of Blood     Necr           0%         N/A       58%         2
 Wereblood                Tmut           0%         N/A       58%         2
 Call Canine Familiar     Summ           0%         N/A       82%         3
 Summon Guardian Golem    Hex/Summ       0%         N/A       82%         3
 Summon Hydra             Summ           0%         N/A       100%        7


Dungeon Overview and Level Annotations

Branches:
Dungeon (5/15)              Sewer (visited)
 Temple: D:4-7

Altars:

Annotations:
D:3 1 runed translucent door, exclusion: downstairs, Crazy Yiuf


Innate Abilities, Weirdness & Mutations

You cannot be hasted, slowed, berserked, paralysed or teleported.
You can dig through walls and to a lower floor.
You have a pair of large antennae on your head. (SInv)
Your four strong arms can wield two-handed weapons with a shield.


Message History

There are monsters nearby!
The adder bites you but does no damage. x2
You climb upwards.
Level annotation: 1 runed translucent door, Crazy Yiuf
There is a stone staircase leading down here.
You hit the adder.
The adder is moderately wounded.
The adder barely misses you.
You hit the adder. You punch the adder, but do no damage.
The adder is severely wounded.
The adder closely misses you. The adder bites you.
You hit the adder.
You kill the adder!
No target in view!
No target in view!
No target in view!
No target in view!
No target in view!
No target in view!
Press: ? - help, v - describe, . - travel A stone staircase leading down.
Placed new exclusion.
Reduced exclusion size to a single square.
You see here a +0 club.
There is a stone staircase leading down here.
You climb downwards.
The ogre closely misses you.
There is a stone staircase leading up here.
It was a potion of might.
You feel very mighty all of a sudden. The ogre barely misses you.
You barely miss the ogre. You sock the ogre!
The ogre is heavily wounded.
The ogre hits you with a +0 giant spiked club!!!
Ouch! That really hurt!
* * * LOW HITPOINT WARNING * * *
You sock the ogre!
The ogre is almost dead.
The ogre hits you with a +0 giant spiked club!
You die...

............#.#....+...
.
.$.....$....#.#....#####
.# .....................
..
.#...............##### #
.................##
###..#.#..#.###... {
...<.#.#..#.###..# ....
#.#.........# ....
#.#.##.##..@# ... #.#..
.##.O.# ....
#.########..# ...
#...........# ....
####....###.# ....
........+ ....
#.###....# #.#... #....#
#.##### ......# .#


You could see an ogre.

Vanquished Creatures
  Pargi (Sewer)
  2 adders (D:3)
  A white imp (D:3)
  2 worms (D:3)
  10 orcs
  An endoplasm (D:3)
  A giant cockroach (D:3)
  A goblin (D:3)
  6 hobgoblins (D:3)
  2 quokkas (D:3)
  A bat (D:3)
  A frilled lizard (D:3)
  6 kobolds
  3 rats (D:3)
38 creatures vanquished.

Notes
Turn   | Place    | Note
-------+----------+-------------------------------------------
     0 | D:5      | comborobin the Formicid Delver began the quest for the Orb.
     0 | D:5      | Reached XP level 1. HP: 18/18 MP: 1/1
    29 | D:5      | Noticed a jelly
    34 | D:5      | Noticed an orc priest
    72 | D:4      | Noticed an orc priest
   157 | D:4      | Noticed an ogre
   256 | D:3      | Reached XP level 2. HP: 24/24 MP: 2/2
   343 | D:3      | Found a glowing drain.
   353 | Sewer    | Entered a sewer
   390 | Sewer    | Noticed Pargi
   400 | Sewer    | HP: 1/24 [Pargi (2)]
   402 | Sewer    | Killed Pargi
   403 | Sewer    | Reached XP level 3. HP: 2/29 MP: 3/3
   403 | Sewer    | Reached XP level 4. HP: 3/35 MP: 4/4
   403 | Sewer    | Reached XP level 5. HP: 3/41 MP: 5/5
   612 | Sewer    | Identified the ring of Hugug {Drain +Blink rPois rN+ Str+4}
   704 | D:3      | Reached skill level 5 in Maces & Flails
  1326 | D:3      | Found a runed translucent door.
  1327 | D:3      | Noticed Crazy Yiuf
  1624 | D:4      | Mangled by an ogre

Illustrated notes

Levels and vault maps discovered:
D:3:      minmay_angry_zag, layout_loops_ring, cheibrodos_sewer_entry_drain,
          uniq_crazy_yiuf_cottage
D:4:      layout_basic, roderic_roman_lattice, chequers_serial_rivers_micro_b
D:5:      gammafunk_wand_slinger, layout_cave_pods,
          mainiacjoe_overflow_concentric_impassable, lightli_corner_chamber,
          uniq_prince_ribbit1

Skill      XL: |  1  2  3  4  5 |
---------------+----------------+-----
Maces & Flails | 4 5 |  5.5
Fighting       | |  3.2
Dodging        | |  1.7
Stealth        | |  6.0

Action                     |  1- 3 |  4- 6 || total
---------------------------+-------+-------++-------
  Melee: Mace              |    36 |   112 ||   148
         Punch             |       |     2 ||     2
    Use: Scroll            |     2 |       ||     2
         Potion            |       |     1 ||     1
   Stab: Sleeping          |     1 |     6 ||     7
 Armour: Leather armour    |    25 |       ||    25
         Troll leather arm |       |    36 ||    36
  Dodge: Dodged            |    35 |    84 ||   119
